 Dungeon Crawl Stone Soup version 0.30-a0-632-g346586fe48 (webtiles) character file.

Game seed: 12061395887707557886

45 Dirtsage the Insei (level 3, -2/23 HPs)
             Began as an Octopode Transmuter on Jan 13, 2023.
             Frozen to death by an endoplasm (4 damage)
             ... on level 2 of the Dungeon.
             The game lasted 00:02:24 (560 turns).

Dirtsage the Insei (Octopode Transmuter)             Turns: 560, Time: 00:02:24

Health: -2/23      AC:  1    Str:  9    XL:     3   Next: 64%
Magic:  3/6        EV: 13    Int: 17    God:
Gold:   32         SH:  0    Dex: 12    Spells: 3/6 levels left

rFire   . . .      SeeInvis .      - Unarmed
rCold   . . .      Faith    .    (no shield)
rNeg    . . .      Spirit   .    (helmet currently unavailable)
rPois   .          Reflect  .    (no amulet)
rElec   .          Harm     .    (no ring)
rCorr   .          Rampage  .    (no ring)
Will    .....                    (no ring)
Stlth   ++                       (no ring)
HPRegen 0.23/turn                (no ring)
MPRegen 0.10/turn                (no ring)
                                 (no ring)
                                 (no ring)

@: lethally poisoned (-2 -> -7), appendages (expiring), wereblooded
A: tentacle spike 3, almost no armour, amphibious, 8 rings, camouflage 1,
gelatinous body 1, (nimble swimmer 1), tentacles
a: End Transformation


You were on level 2 of the Dungeon.
One of your tentacles had grown a beastly spike.
You visited 1 branch of the dungeon, and saw 2 of its levels.

You collected 32 gold pieces.

Inventory:

Missiles
 b - 3 curare-tipped darts
Scrolls
 c - a scroll of vulnerability {unknown}
 e - a scroll of identify {unknown}
 h - a scroll of immolation {unknown}
Potions
 a - a potion of lignification
 d - 3 potions of curing {unknown}
 f - a potion of mutation {unknown}
 g - a potion of heal wounds {unknown}


   Skills:
 - Level 1.0 Fighting
 - Level 2.0 Dodging
 - Level 3.0 Unarmed Combat
 - Level 2.0 Spellcasting
 * Level 3.0 Transmutations
 * Level 2.1 Ice Magic


You had 3 spell levels left.
You knew the following spells:

 Your Spells              Type           Power      Damage    Failure   Level
a - Beastly Appendage     Tmut           24%        N/A       5%          1
b - Wereblood             Tmut           12%        N/A       9%          2

Your spell library contained the following spells:

 Spells                   Type           Power      Damage    Failure   Level
 Spider Form              Tmut/Pois      6%         N/A       30%         3
 Ice Form                 Ice/Tmut       10%        N/A       54%         4


Dungeon Overview and Level Annotations

Branches:
Dungeon (2/15)

Altars:


Innate Abilities, Weirdness & Mutations

One of your tentacles has grown a beastly spike.
You cannot wear most types of armour.
You are amphibious.
You can wear up to eight rings at the same time.
Your skin changes colour to match your surroundings (Stealth+).
Your rubbery body absorbs attacks. (AC +1, EV +1)
((You are camouflaged when in or above water. (Stealth+)))
You have tentacles for arms and can constrict up to eight enemies at once.


Message History

You are frozen.
The adder barely misses you.
You take 3 damage, and have 16/23 hp.
You barely miss the adder. Your grab misses the adder.
You pierce the adder.
Your squeeze misses the adder.
The adder is moderately wounded.
You constrict the orc.
You feel a bit better.
You kill the orc!
You feel sick. The bat closely misses you. The endoplasm misses you.
The bat hits you.
A bat comes into view.
The adder closely misses you.
You take 1 damage, and have 15/23 hp.
You barely miss the adder. Your grab misses the adder.
The adder is moderately wounded.
Your transformation is almost over.
You feel sick. The bat hits you but does no damage. Something hits you.
The endoplasm freezes you.
You are frozen.
The adder bites you.
You are more poisoned.
The adder poisons you!
You take 7 damage, and have 8/23 hp.
MASSIVE DAMAGE!!
You closely miss the adder. You grab the adder.
You pierce the adder.
You squeeze the adder.
You feel a bit better.
You kill the adder!
You feel sick. The bat hits you. Something hits you.
* * * LOW HITPOINT WARNING * * *
The endoplasm barely misses you. The bat closely misses you.
Your Transmutations skill increases to level 3!
Your Ice Magic skill increases to level 2!
You take 4 damage, and have 4/23 hp.
You barely miss the orc. You grab the orc.
You pierce the orc.
The orc is severely wounded.
You constrict the orc.
* * * LOW HITPOINT WARNING * * *
You feel sick. The bat barely misses you. Something hits you.
* * * LOW HITPOINT WARNING * * *
The orc barely misses you. The endoplasm freezes you.
You are frozen.
You die...

## ## ###
#. ..... #.
.#.# ##.
...
#.o#{#.#.#.
#@b......
##J#.#.#.
b.. .#.#
..... .#
#.# .. ...
.# #.


You could see an orc, an endoplasm and 2 bats.

Vanquished Creatures
  An adder (D:2)
  A dart slug (D:1)
  An orc (D:2)
  2 endoplasms (D:1)
  2 giant cockroaches (D:1)
  3 goblins (D:1)
  2 hobgoblins (D:1)
  8 jackals (D:1)
  2 quokkas (D:1)
  A ball python (D:1)
  2 frilled lizards (D:1)
  2 kobolds (D:1)
  2 rats (D:1)
29 creatures vanquished.

Notes
Turn   | Place    | Note
-------+----------+-------------------------------------------
     0 | D:1      | Dirtsage the Octopode Transmuter began the quest for the
                  | Orb.
     0 | D:1      | Reached XP level 1. HP: 13/13 MP: 3/3
    29 | D:1      | Reached skill level 1 in Ice Magic
    29 | D:1      | Reached XP level 2. HP: 11/18 MP: 5/5
    76 | D:1      | Learned a level 2 spell: Wereblood
   234 | D:1      | Reached XP level 3. HP: 19/23 MP: 3/6
   560 | D:2      | Frozen to death by an endoplasm

Illustrated notes

Levels and vault maps discovered:
D:1:      erik_arrival_triangle_medium, layout_rooms
D:2:      layout_rooms, st_stairs_10

Skill      XL: |  1  2  3 |
---------------+----------+-----
Ice Magic      | 1 2 |  2.1
Transmutations | 3 |  3.0
Fighting       | |  1.0
Dodging        | |  2.0
Unarmed Combat | |  3.0
Spellcasting   | |  2.0

Action                   || total
-------------------------++-------
Melee: Unarmed           ||    59
       Constrict         ||    20
       Tentacles         ||    15
       Kick              ||    11
 Cast: Beastly Appendage ||    10
       Wereblood         ||     4
Armor: Skin              ||     2
Dodge: Dodged            ||    49

Table legend: (Time is in decaauts)
 A = Elapsed time spent in this place.
 B = Non-inter-level travel time spent in this place.
 C = Inter-level travel time spent in this place.
 D = Time resting spent in this place.
 E = Time spent auto-exploring this place.
 F = Levels seen in this place.
 G = Mean time per level.
                   A        B        C        D        E       F      G
               +--------+--------+--------+--------+--------+-----+--------+
         Total |    556 |    533 |     23 |      0 |    392 |   2 |  278.0 |
       Dungeon |    556 |    533 |     23 |      0 |    392 |   2 |  278.0 |
               +--------+--------+--------+--------+--------+-----+--------+

Top non-repeatable levels by time:
     D:1: 548 daAuts
     D:2: 7 daAuts
